 Dungeon Crawl Stone Soup version 0.25-a0-105-g2289b3b9f1 (webtiles) character file.

Game seed: 3567927541641230938, levelgen mode: deterministic

868 mortelune the Skirmisher (level 7, -1/57 HPs)
             Began as a Demonspawn Wanderer on Nov 16, 2019.
             Was a Follower of Makhleb.
             Slain by an orc warrior
             ... wielding a +0 great sword
              (14 damage)
             ... on level 4 of the Dungeon.
             The game lasted 00:15:14 (6827 turns).

mortelune the Skirmisher (Demonspawn Wanderer)      Turns: 6827, Time: 00:15:14

Health: -1/57      AC: 12    Str: 14      XL:     7   Next: 73%
Magic:  0/7        EV:  1    Int: 12 (14) God:    Makhleb [*.....]
Gold:   109        SH:  7    Dex: 10 (12) Spells: 6/6 levels left

rFire    . . .     SeeInvis +   w - +0 morningstar
rCold    . . .     Gourm    .   i - +0 shield
rNeg     . . .     Faith    .   n - +0 plate armour
rPois    .         Spirit   +   (no helmet)
rElec    .         Reflect  .   v - +0 cloak
rCorr    .         Harm     .   (no gloves)
MR       .....                  (no boots)
Stlth    ..........             (no amulet)
HPRegen  0.19/turn              p - ring of see invisible
MPRegen  0.20/turn              l - ring of wizardry

@: no status effects
A: hooves 2, deterioration 1, magic shield, magic regeneration, rot immunity,
MP-powered wands
a: Renounce Religion


You were on level 4 of the Dungeon.
You worshipped Makhleb.
Makhleb was aware of your devotion.
You were very hungry.

You visited 1 branch of the dungeon, and saw 5 of its levels.

You collected 265 gold pieces.
You spent 156 gold pieces at shops.

Inventory:

Hand Weapons
 a - a +2 mace
 b - a +0 short sword
 w - a +0 morningstar (weapon)
Missiles
 h - 55 stones (quivered)
Armour
 d - a +0 robe
 i - a +0 shield (worn)
 n - a +0 plate armour (worn)
 v - a +0 cloak (worn)
Jewellery
 c - an uncursed ring of protection from cold
 l - a ring of wizardry (right hand)
 p - a ring of see invisible (left hand)
Scrolls
 e - a scroll of amnesia
 g - a scroll of immolation
 k - 7 scrolls of fog
 o - a scroll of magic mapping
 q - 3 scrolls of teleportation
 r - a scroll of fear {unknown}
 u - a scroll of remove curse {unknown}
Potions
 t - a potion of agility
Comestibles
 f - 5 rations


   Skills:
 + Level 5.9 Fighting
 * Level 5.7 Maces & Flails
 + Level 3.6 Armour
 - Level 1.8 Dodging
 - Level 1.0 Stealth
 - Level 1.0 Shields
   Level 1.0 Evocations


You had 6 spell levels left.
You didn't know any spells.
Your spell library was empty.

Dungeon Overview and Level Annotations

Branches:
Dungeon (5/15)             Temple (0/1) D:4

Altars:
Ashenzari
Gozag
Hepliaklqana
Kikubaaqudgha
Makhleb
Qazlal
Ru
Uskayaw
The Shining One

Shops:
D:4 !=

Annotations:
D:4 exclusion: downstairs


Innate Abilities, Weirdness & Mutations

You have hoof-like feet.
When hurt, damage is shared between your health and your magic reserves.
You regenerate magic rapidly.
You are immune to rotting.
Your body sometimes deteriorates upon taking damage.
You expend magic power (3 MP) to strengthen your wands.


Message History

Your shield and plate armour prevent you from hitting the orc warrior.
The orc warrior is lightly wounded.
The orc warrior hits you with a +0 great sword.
You hit the orc warrior but do no damage.
The orc warrior is lightly wounded.
The orc warrior hits you with a +0 great sword!
You sock the orc warrior!
The orc warrior is heavily wounded.
The orc warrior hits you with a +0 great sword.
* * * LOW HITPOINT WARNING * * *
You hit the orc warrior.
The orc warrior is severely wounded.
You block the orc warrior's attack.
You sock the orc warrior!
You kick the orc warrior, but do no damage.
The orc warrior is almost dead.
The orc warrior hits you with a +0 great sword!
* * * LOW HITPOINT WARNING * * *
The orc warrior hits you with a +0 great sword!!
You die...

#........................###..
#...##...................# ###
#########(...##..........## #
##......#......<.....####
#......#....##...........
##....##.................
####................####.#
#..#.............#### #.#
#........@o...#..#.### #..
##............#......###..
#......#......##.##.......
#......#..._(....##......#
#......#..#......####..###
#.........#........##.## #
##..........##.........###
###.....#.....##...∩.##..##.
#.......#.....##....###.#...


You could see an orc warrior.

Vanquished Creatures
  Eustachio (D:3)
  2 orc warriors (D:4)
  A sky beast (D:5)
  2 crimson imps (D:4)
  2 worker ants
  4 orc wizards
  A hound zombie (D:5)
  4 gnolls
  4 adders
  A shadow imp (D:5)
  An adder zombie (D:5)
  2 worms (D:2)
  3 dart slugs
  2 leopard geckos
  16 orcs
  3 giant cockroaches (D:3)
  4 goblins
  6 hobgoblins
  3 jackals (D:3)
  7 kobolds
  6 quokkas
  5 bats
  5 frilled lizards
  4 hobgoblin zombies (D:4)
  2 kobold skeletons (D:4)
  A kobold zombie (D:4)
  An orc skeleton (D:4)
  An orc zombie (D:4)
  7 rats
101 creatures vanquished.

Notes
Turn   | Place    | Note
-------+----------+-------------------------------------------
     0 | D:1      | mortelune the Demonspawn Wanderer began the quest for the
                  | Orb.
     0 | D:1      | mortelune set off with the following items: a +2 mace, a +0
                  | short sword, a potion of curing, a +0 robe, a ration
     0 | D:1      | Reached XP level 1. HP: 19/19 MP: 1/1
   528 | D:1      | Gained mutation: When hurt, damage is shared between your
                  | health and your magic reserves. [demonic ancestry]
   528 | D:1      | Reached XP level 2. HP: 25/25 MP: 2/2
  1450 | D:2      | Found a burning altar of Makhleb.
  1557 | D:2      | Became a worshipper of Makhleb the Destroyer
  1634 | D:2      | Gained mutation: You have large cloven feet. [demonic
                  | ancestry]
  1634 | D:2      | Reached XP level 3. HP: 17/30 MP: 1/3
  2181 | D:2      | Found an ancient bone altar of Kikubaaqudgha.
  2339 | D:2      | HP: 1/31 [poisoned by an adder]
  2712 | D:3      | Found an opulent altar of Gozag.
  2766 | D:3      | Reached XP level 4. HP: 32/38 MP: 4/4
  3237 | D:3      | Found a sacrificial altar of Ru.
  3361 | D:3      | Reached * piety under Makhleb
  3391 | D:3      | Gained mutation: You are immune to rotting. [demonic
                  | ancestry]
  3391 | D:3      | Reached XP level 5. HP: 40/43 MP: 5/5
  3810 | D:3      | Found a faded altar of an unknown god.
  3978 | D:3      | Found a hide-covered altar of Uskayaw.
  4313 | D:3      | Found a hazy altar of Hepliaklqana.
  4535 | D:4      | Found a shattered altar of Ashenzari.
  4543 | D:4      | Found Faappurgh's Distillery.
  4556 | D:3      | Found a stormy altar of Qazlal.
  4589 | D:4      | Bought a potion of invisibility for 96 gold pieces
  4589 | D:4      | Bought a potion of agility for 48 gold pieces
  4589 | D:4      | Bought a potion of degeneration for 12 gold pieces
  4590 | D:4      | Gained mutation: Your body sometimes deteriorates upon
                  | taking damage. [potion of mutation]
  4590 | D:4      | Gained mutation: You expend magic power (3 MP) to
                  | strengthen your wands. [potion of mutation]
  4638 | D:4      | Found a staircase to the Ecumenical Temple.
  4685 | D:4      | Reached skill level 5 in Fighting
  4685 | D:4      | Gained mutation: You have hoof-like feet. [demonic
                  | ancestry]
  4685 | D:4      | Reached XP level 6. HP: 41/51 MP: 4/6
  4952 | D:4      | Found Pyawoox's Jewellery Shoppe.
  4966 | D:4      | Found a glowing golden altar of the Shining One.
  5207 | D:4      | Found a stormy altar of Qazlal.
  5242 | D:4      | Noticed a fire elemental
  5385 | D:4      | Noticed Eustachio
  5435 | D:3      | Killed Eustachio
  5435 | D:3      | Gained mutation: You regenerate magic rapidly. [demonic
                  | ancestry]
  5435 | D:3      | Reached XP level 7. HP: 45/56 MP: 7/7
  5560 | D:4      | Noticed a water elemental
  5562 | D:4      | Noticed an air elemental
  5702 | D:5      | Entered Level 5 of the Dungeon
  5742 | D:5      | Reached skill level 5 in Maces & Flails
  6827 | D:4      | Slain by an orc warrior

Levels and vault maps discovered:
D:1:      wander_arrival_abandoned_jail, layout_basic
D:2:      layout_loops_cross, marbit_many_paths, kiku_gazebo_pond_becter,
          first_ration
D:3:      layout_loops_cross, lemuel_crystal_altar,
          nicolae_overflow_hidden_temple, chequers_ecumenical_altar_island,
          minmay_misc_feat_pillars, minmay_crystal_water
D:4:      layout_cave_pools, nicolae_tso_besieged_by_evil,
          overflow_temple_1_default, minmay_temple_entry_statues_fountains,
          serial_shops, shop, shop, nicolae_qazlal_style_of_elements,
          uniq_eustachio
D:5:      layout_basic, nicolae_overflow_crystal_walls, sword_in_stone

Skill      XL: |  1  2  3  4  5  6  7 |
---------------+----------------------+-----
Maces & Flails | 2 3 4 5 |  5.7
Armour         | 2 3 |  3.6
Fighting       | 5 |  5.9
Dodging        | |  1.8
Stealth        | |  1.0
Shields        | |  1.0
Evocations     | |  1.0

Action                   |  1- 3 |  4- 6 |  7- 9 || total
-------------------------+-------+-------+-------++-------
Melee: Mace              |    93 |   268 |       ||   361
       Kick              |     9 |    62 |    13 ||    84
       Morningstar       |       |    29 |    72 ||   101
Throw: Stone             |     3 |     3 |       ||     6
       Javelin           |       |       |     3 ||     3
  Use: Scroll            |       |     7 |     1 ||     8
       Potion            |       |     2 |     2 ||     4
 Stab: Invisible         |       |       |     1 ||     1
  Eat: Chunk             |     3 |     5 |       ||     8
       Ration            |     1 |     1 |     1 ||     3
Armor: Robe              |    15 |       |       ||    15
       Plate armour      |     9 |   296 |    42 ||   347
Dodge: Dodged            |    60 |    65 |     9 ||   134
Block: Shield            |       |       |    10 ||    10

Table legend:
 A = Non-vault XP
 B = Vault XP
 C = Vault XP percentage of total XP
 D = Non-vault monster count
 E = Vault monster count
 F = Vault count percentage of total count
                 A         B        C        D         E       F
            +---------+---------+-------+---------+---------+-------
      Total |     713 |     528 |  42.5 |      87 |      14 |  13.9
            +---------+---------+-------+---------+---------+-------
        D:1 |      31 |       0 |   0.0 |      16 |       0 |   0.0
        D:2 |      68 |       2 |   2.9 |      14 |       1 |   6.7
        D:3 |     252 |     202 |  44.5 |      44 |       1 |   2.2
        D:4 |     179 |     324 |  64.4 |       8 |      12 |  60.0
        D:5 |     183 |       0 |   0.0 |       5 |       0 |   0.0
            +---------+---------+-------+---------+---------+-------
